Map: Ruins of Endion

Players

MaSa - Winner!

  • Race: Terran Terran

Cham

  • Race: Zerg Zerg

Event: DreamHack Open Tours WCS Spring Championship

VOD

Have the link to the VOD?

Description

Time

  • Played on: May 15, 2016, 3:53 p.m.
  • Length: 10:01

All games in this series

Show
View Real Time Build Order
Export as new Build Order

MaSa Terran - Winner!

Build Orders: Reaper Expand, MMM Bio 

Get SALT Encoding   

  12  0:00  SCV  
  13  0:12  SCV  
  14  0:17  Supply Depot  
  14  0:25  SCV  
  15  0:39  SCV  
  15  0:40  Barracks  
  16  0:43  Refinery  
  16  0:51  SCV  
  17  1:03  SCV  
  18  1:15  SCV  
  19  1:27  Reaper  
  19  1:28  Orbital Command  
  20  1:38  Command Center  
  20  1:46  Refinery  
  20  1:51  Supply Depot  
  20  1:55  SCV  
  20  1:59  Marine  
  22  2:12  SCV  
  23  2:16  Factory  
  23  2:18  Barracks Reactor  
  23  2:24  SCV  
  24  2:36  SCV  
  25  2:48  SCV  
  26  2:52  Orbital Command  
  26  2:54  Marine  
  26  2:55  Marine  
  28  3:00  SCV, Starport, Factory Tech Lab  
  29  3:12  SCV, Marine x2  
  30  3:19  Siege Tank  
  35  3:20  SCV  
  35  3:24  SCV  
  37  3:30  Marine x2  
  37  3:32  SCV  
  37  3:33  Supply Depot  
  40  3:34  Bunker  
  40  3:37  SCV  
  40  3:40  Medivac  
  43  3:48  SCV  
  44  3:49  SCV  
  44  3:54  Siege Tank  
  48  3:56  Supply Depot, Marine x2  
  50  4:02  Supply Depot  
  50  4:03  SCV  
  50  4:09  SCV  
  51  4:17  Medivac, Marine  
  51  4:18  SCV, Marine  
  51  4:21  Supply Depot  
  56  4:25  SCV  
  57  4:33  Command Center  
  57  4:36  SCV  
  58  4:44  Supply Depot  
  58  4:45  Marine  
  58  4:46  Stimpack  
  58  4:47  SCV  
  58  4:51  Viking  
  62  4:52  Barracks  
  62  4:53  SCV  
  62  4:59  Factory Reactor  
  63  5:00  SCV  
  63  5:03  Barracks  
  63  5:05  SCV  
  65  5:12  SCV, Engineering Bay  
  66  5:17  SCV  
  66  5:18  Engineering Bay  
  67  5:23  Marine  
  67  5:24  SCV  
  69  5:29  SCV  
  69  5:32  Starport Reactor  
  70  5:36  Refinery, SCV  
  70  5:38  Barracks  
  70  5:39  Refinery  
  70  5:41  SCV, Marine  
  73  5:42  Barracks  
  73  5:43  Marine x2  
  73  5:48  SCV  
  73  5:49  Orbital Command  
  76  5:51  Terran Infantry Weapons Level 1  
  76  5:52  Factory Tech Lab  
  76  5:54  Terran Infantry Armor Level 1  
  77  5:57  SCV  
  77  5:59  Marine  
  77  6:01  SCV  
  79  6:09  SCV, Marine x2  
  79  6:10  Marine  
  83  6:13  SCV  
  83  6:17  Medivac, Marine x2  
  83  6:18  Medivac  
  90  6:23  SCV  
  91  6:27  Marine x2  
  91  6:28  Barracks Reactor  
  91  6:29  SCV  
  91  6:32  Orbital Command  
  94  6:35  SCV, Barracks Reactor  
  94  6:37  Supply Depot, Siege Tank  
  98  6:40  Supply Depot  
  98  6:44  Refinery, Marine x3  
  101  6:53  Supply Depot  
  101  6:59  Medivac, Marine x2, SCV x2  
  107  7:02  Combat Shields, Marine x3  
  107  7:04  SCV  
  111  7:10  Supply Depot  
  111  7:11  SCV, Armory  
  111  7:14  SCV  
  113  7:19  Supply Depot, SCV  
  113  7:20  Barracks x2  
  113  7:22  Marine x2  
  115  7:24  Marine x2  
  118  7:37  Marine x4  
  115  7:40  Siege Tank  
  115  7:41  Medivac  
  115  7:43  Marauder  
  125  7:44  SCV x2  
  125  7:47  SCV  
  128  7:51  Marine  
  128  7:52  Marine x2  
  128  7:54  Marine  
  128  7:55  Marine x2  
  128  7:56  Medivac  
  128  7:57  Marine x2  
  138  8:05  Marauder  
  140  8:10  Marine  
  140  8:11  Barracks Tech Lab x2  
  141  8:17  Marine x3  
  141  8:18  Marine  
  141  8:20  Marine  
  141  8:22  Marine  
  141  8:24  Marine  
  141  8:30  Supply Depot x3, Concussive Shells  
  141  8:32  Supply Depot  
  141  8:33  Marauder, Marine x3, Siege Tank  
  149  8:35  Marine  
  149  8:37  Marine  
  149  8:44  Marine  
  149  8:45  Marine  
  149  8:46  Marine  
  149  8:47  Marine  
  149  8:48  Marine  
  149  8:51  Marauder x2, Marine  
  149  8:54  Marine  
  149  8:55  Marauder, Marine  
  150  9:02  Marine  
  134  9:03  Marine  
  134  9:04  Marine  
  134  9:05  Marine  
  134  9:06  Marine  
  134  9:09  Marine  
  128  9:12  Marauder, Marine  
  128  9:13  Marauder, Marine, Siege Tank  
  128  9:16  Marauder  
  139  9:20  Marine  
  139  9:21  Marine  
  141  9:25  Marine x2  
  141  9:30  Marine x2  
  145  9:32  Marine x2  
  145  9:34  Marauder x2  
  145  9:37  Marauder  
  145  9:38  Marine  
  145  9:39  Marine  
  145  9:43  Marine x2  
Show
View Real Time Build Order
Export as new Build Order

Cham Zerg 

Build Orders: Hatch First 

Get SALT Encoding   

  12  0:00  Drone  
  13  0:08  Drone  
  14  0:17  Overlord  
  14  0:36  Drone x3  
  17  0:51  Hatchery  
  17  0:56  Drone  
  17  0:59  Drone  
  17  1:02  Extractor  
  17  1:10  Drone  
  18  1:16  Spawning Pool  
  17  1:20  Drone  
  18  1:31  Drone  
  19  1:40  Drone  
  20  1:50  Overlord  
  20  2:03  Queen, Zergling x2  
  20  2:04  Queen  
  20  2:05  Zergling x2  
  26  2:13  Drone  
  26  2:15  Drone  
  28  2:24  Overlord  
  28  2:33  Drone  
  28  2:35  Drone  
  30  2:40  Queen  
  30  2:43  Drone  
  33  2:44  Drone  
  33  2:46  Drone  
  35  2:51  Roach Warren  
  35  2:58  Overlord  
  34  2:59  Drone  
  35  3:10  Drone x2  
  37  3:15  Drone x4  
  37  3:16  Drone x2  
  43  3:23  Overlord  
  43  3:24  Drone  
  44  3:35  Roach  
  44  3:36  Hatchery  
  44  3:37  Roach  
  47  3:44  Roach  
  47  3:47  Drone x4  
  53  3:49  Extractor  
  53  3:50  Overlord  
  52  3:56  Overlord  
  52  3:57  Drone  
  52  3:58  Ravager x2  
  52  4:00  Drone  
  56  4:04  Ravager  
  56  4:07  Roach  
  59  4:11  Roach  
  59  4:14  Overlord  
  61  4:17  Drone  
  61  4:18  Drone x2  
  61  4:22  Overlord  
  65  4:24  Drone x3  
  65  4:29  Overlord  
  67  4:35  Roach  
  71  4:38  Roach  
  71  4:42  Lair  
  71  4:45  Evolution Chamber x2, Overlord  
  69  4:49  Drone x3  
  69  4:52  Roach x2  
  76  4:54  Drone  
  76  4:55  Drone  
  76  4:58  Drone x2  
  80  5:04  Drone x2  
  82  5:08  Extractor, Drone  
  82  5:10  Drone  
  82  5:11  Extractor  
  82  5:12  Overlord, Ravager  
  83  5:19  Roach  
  85  5:24  Drone  
  85  5:25  Drone x2  
  85  5:31  Drone  
  85  5:32  Drone x6  
  85  5:33  Drone  
  85  5:34  Overlord  
  85  5:35  Extractor  
  90  5:37  Extractor  
  90  5:39  Overlord  
  85  5:51  Drone x3  
  82  5:58  Drone x5  
  87  6:05  Overlord  
  87  6:06  Drone x2  
  87  6:08  Roach x2  
  87  6:09  Overlord  
  87  6:10  Glial Reconstitution, Zerg Missile Weapons Level 1, Zerg Ground Armor Level 1  
  93  6:12  Overlord  
  93  6:13  Roach x3  
  93  6:17  Drone  
  100  6:24  Roach x2  
  106  6:33  Roach x2  
  106  6:35  Roach x3, Hatchery  
  106  6:38  Roach x2  
  117  6:40  Roach x2  
  117  6:43  Roach  
  117  6:46  Roach x2  
  117  6:47  Roach  
  126  6:50  Roach x2  
  130  6:55  Overlord  
  130  6:57  Roach  
  130  7:00  Roach  
  134  7:02  Overlord  
  131  7:09  Roach  
  131  7:12  Overlord  
  131  7:13  Overlord x5  
  133  7:16  Roach x2  
  133  7:19  Ravager  
  138  7:25  Overlord  
  138  7:26  Roach x4  
  146  7:30  Roach  
  138  7:38  Drone x2  
  138  7:39  Drone x4  
  138  7:43  Drone  
  145  7:45  Roach x3  
  151  7:51  Overlord  
  151  7:52  Roach  
  151  7:53  Roach x3  
  151  7:55  Roach  
  151  7:57  Roach  
  163  7:59  Roach  
  163  8:01  Roach  
  163  8:02  Roach  
  163  8:04  Ravager x2  
  163  8:05  Ravager  
  172  8:06  Ravager x2  
  172  8:07  Ravager  
  175  8:16  Roach x3  
  175  8:17  Roach x2  
  181  8:20  Queen  
  181  8:25  Roach x4  
  184  8:29  Ravager x2  
  184  8:30  Ravager  
  184  8:31  Roach x2  
  191  8:34  Roach x2  
  191  8:36  Ravager x2  
  191  8:38  Roach  
  191  8:40  Ravager  
  182  8:54  Roach x7  
  147  9:04  Roach x2  
  147  9:07  Roach  
  147  9:08  Roach x5  
  144  9:12  Roach x3  
  144  9:15  Roach  
  152  9:21  Roach x4  
  162  9:24  Roach  
  162  9:27  Roach x2  
  156  9:39  Roach x3  

Tags
 
Add a new tag
Caveats
  • Supply blocks, unpowered buildings, or Contaminate may cause inaccurate times.
  • Supply counts are checked every 10 seconds.